 Dungeon Crawl Stone Soup version 0.18.1-48-g4cf74bf (webtiles) character file.

659 Nebulos the Sneak (level 7, -5/32 HPs)
             Began as a Spriggan Venom Mage on June 24, 2016.
             Slain by Grinder (10 damage)
             ... while paralysed by Grinder
             ... on level 4 of the Dungeon.
             The game lasted 00:29:00 (4524 turns).

Nebulos the Sneak (Spriggan Venom Mage)             Turns: 4524, Time: 00:29:00

Health: -5/32      AC:  4    Str:  5    XL:     7   Next: 30%
Magic:  22/24      EV:  4    Int: 18    God:
Gold:   179        SH:  0    Dex: 16    Spells: 3 memorised, 10 levels left

rFire  . . .     SeeInvis +     q - +2 dagger (drain)
rCold  . . .     Gourm    .     k - +0 robe
rNeg   . . .     Faith    .     (shield restricted)
rPois  .         Spirit   .     (helmet restricted)
rElec  .         Dismiss  .     d - +1 cloak {+Inv}
rCorr  .         Reflect  .     (gloves unavailable)
SustAt .         Harm     .     (boots unavailable)
MR     +....                    i - amulet of magic regeneration
Stlth  ++++......               (no ring)
                                r - ring of magical power

@: paralysed, very quick, somewhat resistant to hostile enchantments, stealthy
A: unfitting armour, see invisible, herbivore 3, speed 3, slow metabolism 2
a: Evoke Invisibility


You were on level 4 of the Dungeon.
You were not hungry.

You visited 1 branch of the dungeon, and saw 5 of its levels.

You collected 179 gold pieces.

Inventory:

Hand Weapons
 q - a +2 dagger of draining (weapon)
 y - a +0 blowgun
Missiles
 f - 57 bolts (quivered)
Armour
 d - a +1 cloak of invisibility (worn)
 k - a +0 robe (worn)
Jewellery
 i - an amulet of magic regeneration (around neck)
 r - a ring of magical power (left hand)
Scrolls
 e - a scroll of random uselessness {unknown}
 g - a scroll of immolation {unknown}
 h - 3 scrolls of identify
 j - a scroll of magic mapping {unknown}
 o - 3 scrolls of remove curse
 p - a scroll of enchant armour {unknown}
 s - a scroll of teleportation {unknown}
 t - a scroll of enchant weapon
 x - a scroll of fog {unknown}
Potions
 a - a potion of lignification
 l - a potion of agility
 m - 3 potions of cure mutation
 n - a potion of experience {unknown}
 u - 2 potions of flight
Books
 b - a Young Poisoner's Handbook

   Spells                             Type                      Level
   a - Sting                          Conjuration/Poison           1
   b - Cure Poison                    Poison                       2
   c - Mephitic Cloud                 Conjuration/Poison/Air       3
   d - Olgreb's Toxic Radiance        Poison                       4
   e - Venom Bolt                     Conjuration/Poison           5
Comestibles
 c - 4 bread rations
 z - 4 fruits


   Skills:
 + Level 0.7 Fighting
 + Level 1.8 Short Blades
 + Level 5.7 Dodging
 * Level 7.2 Stealth
 * Level 5.0 Spellcasting
 + Level 1.3 Conjurations
 + Level 1.0 Air Magic
 + Level 4.6 Poison Magic
 + Level 1.1 Evocations


You had 10 spell levels left.
You knew the following spells:

 Your Spells              Type           Power        Failure   Level  Hunger
a - Sting                 Conj/Pois      ###.         4%          1    None
b - Cure Poison           Pois           ###.......   3%          2    #......
c - Mephitic Cloud        Conj/Pois/Air  ##......     17%         3    ##.....


Dungeon Overview and Level Annotations

Branches:
Dungeon (5/15)
 Temple: D:4-7

Altars:
Ashenzari
Pakellas
The Shining One

Annotations:
D:3 Matyi1199's ghost, amateur HuFi
D:4 Edmund; Grinder; Menkaure
D:5 Vincendra's ghost, novice MiFi


Innate Abilities, Weirdness & Mutations

You are tiny and cannot use many weapons and most armour.
You have supernaturally acute eyesight.
You are a herbivore.
You cover ground extremely quickly.
You need consume almost no food.


Message History

Aiming: Sting
Press: ? - help, Shift-Dir - straight line, f/p - Grinder
Aim: Grinder (lightly wounded)
The sting misses Grinder.
Casting: Sting
Confirm with . or Enter, or press ? or * to list all spells.
Aiming: Sting
Press: ? - help, Shift-Dir - straight line, f/p - Grinder
Aim: Grinder (lightly wounded)
The sting hits Grinder.
Grinder appears unharmed.
Grinder is lightly wounded.
Grinder gestures at you.
You suddenly lose the ability to move!
Grinder hits you.
You writhe in agony. x2
Grinder hits you but does no damage. Grinder hits you!
You writhe in agony.
* * * LOW HITPOINT WARNING * * *
Grinder hits you but does no damage. Grinder hits you!
You die...

#. ########## #### ##
###........# #%.?# #.
#......#.@.##....= #.
##.....##.5.#......
#.
###......##...'......
#.
#......####...#.....
#. #.######
#...##(... #.###.#
#...# #!.! #.>...#
#...# ### #######
#...# +...#


You could see Grinder.

Vanquished Creatures
  An ogre (D:5)
  A jelly (D:5)
  A giant frog zombie (D:5)
  3 hounds (D:5)
  2 orc priests (D:5)
  3 orc wizards
  2 iguanas
  Natasha (twice) (D:3)
  5 adders
  2 worms
  3 dart slugs
  5 giant geckos
  12 orcs
  2 ball pythons
  7 bats
  6 giant cockroaches
  11 hobgoblins
  7 kobolds
  A quokka (D:2)
  A giant gecko skeleton (D:4)
  A giant gecko zombie (D:5)
  4 giant newts
  9 goblins
  A quokka skeleton (D:4)
  10 rats
102 creatures vanquished.

Notes
Turn   | Place    | Note
--------------------------------------------------------------
     0 | D:1      | Nebulos the Spriggan Venom Mage began the quest for the Orb.
     0 | D:1      | Reached XP level 1. HP: 9/9 MP: 5/5
   506 | D:1      | Reached XP level 2. HP: 8/13 MP: 2/6
   510 | D:1      | Learned a level 2 spell: Cure Poison
  1207 | D:1      | Reached XP level 3. HP: 11/16 MP: 6/8
  1218 | D:1      | Learned a level 3 spell: Mephitic Cloud
  1896 | D:2      | Reached skill level 4 in Stealth
  2056 | D:2      | Reached XP level 4. HP: 19/21 MP: 10/10
  2306 | D:3      | Noticed Matyi1199's ghost (amateur HuFi)
  2637 | D:3      | Found a shattered altar of Ashenzari.
  2731 | D:3      | Noticed Natasha
  2737 | D:3      | Killed Natasha
  2818 | D:3      | Reached XP level 5. HP: 24/24 MP: 11/11
  2897 | D:3      | Reached skill level 5 in Stealth
  2991 | D:3      | Found a glowing golden altar of the Shining One.
  3003 | D:3      | Reached skill level 1 in Short Blades
  3051 | D:3      | Found an oddly glowing altar of Pakellas.
  3114 | D:3      | Noticed Natasha
  3129 | D:3      | Killed Natasha
  3189 | D:4      | Noticed Edmund
  3244 | D:4      | Noticed Menkaure
  3246 | D:5      | Entered Level 5 of the Dungeon
  3249 | D:5      | Reached XP level 6. HP: 18/29 MP: 13/13
  3281 | D:5      | Reached skill level 5 in Dodging
  3569 | D:5      | Reached skill level 6 in Stealth
  3569 | D:5      | Reached skill level 1 in Conjurations
  4015 | D:5      | Reached XP level 7. HP: 14/32 MP: 15/15
  4040 | D:5      | HP: 2/48 [acid (2)]
  4054 | D:5      | Reached skill level 1 in Air Magic
  4054 | D:5      | Reached skill level 1 in Evocations
  4058 | D:5      | Reached skill level 7 in Stealth
  4058 | D:5      | Reached skill level 5 in Spellcasting
  4315 | D:5      | Noticed Vincendra's ghost (novice MiFi)
  4489 | D:4      | Noticed Grinder
  4519 | D:4      | Paralysed by Grinder for 6 turns
  4524 | D:4      | Slain by Grinder

Skill      XL: |  1  2  3  4  5  6  7 |
---------------+----------------------+-----
Spellcasting   | 3 4 5 |  5.0
Stealth        | 4 5 6 7 |  7.2
Dodging        | 4 5 |  5.7
Short Blades   | 1 |  1.8
Conjurations   | 1 |  1.3
Air Magic      | 1 |  1.0
Evocations     | 1 |  1.1
Fighting       | |  0.7
Poison Magic   | |  4.6

Action                   |  1- 3 |  4- 6 |  7- 9 || total
-------------------------+-------+-------+-------++-------
Melee: Dagger            |   161 |   187 |    19 ||   367
       Unarmed           |     7 |       |       ||     7
 Cast: Sting             |    33 |    14 |    29 ||    76
       Mephitic Cloud    |     1 |    10 |     3 ||    14
 Abil: Evoke Invisibilit |       |     1 |       ||     1
  Use: Scroll            |     2 |     4 |       ||     6
       Potion            |     2 |     2 |     4 ||     8
 Stab: Sleeping          |     5 |     7 |       ||    12
       Confused          |       |     4 |       ||     4
       Distracted        |       |     1 |       ||     1
  Eat: Bread ration      |       |     1 |       ||     1
Armor: Robe              |    18 |    18 |     6 ||    42
       Skin              |       |       |    19 ||    19
Dodge: Dodged            |   158 |   150 |    13 ||   321
